 Dungeon Crawl Stone Soup version 0.28.0-1-gb440e238dd (webtiles) character file.

Game seed: 17075977190862552381

597 Ablot the Grasshopper (level 7, -2/56 HPs)
             Began as a Gnoll Warper on Feb 27, 2022.
             Slain by a black bear (11 damage)
             ... on level 5 of the Dungeon.
             The game lasted 00:05:47 (5180 turns).

Ablot the Grasshopper (Gnoll Warper)                Turns: 5180, Time: 00:05:47

Health: -2/56      AC:  6    Str: 13    XL:     7   Next: 40%
Magic:  13/15      EV: 13    Int: 18    God:
Gold:   116        SH:  0    Dex: 11    Spells: 15/17 levels left

rFire   . . .      SeeInvis .   s - +1 short sword (elec)
rCold   . . .      Faith    .   (no shield)
rNeg    . . .      Spirit   .   b - +0 leather armour
rPois   .          Reflect  .   (no helmet)
rElec   .          Harm     .   (no cloak)
rCorr   .          Rampage  .   (no gloves)
Will    .....                   i - +2 pair of boots
Stlth   ++........              (no amulet)
HPRegen 0.18/turn               x - +6 ring of intelligence
MPRegen 0.14/turn               (no ring)

@: on blink cooldown
A: fangs 1, strong nose, distributed training
a: no special abilities


You were on level 5 of the Dungeon.
You visited 1 branch of the dungeon, and saw 5 of its levels.

You collected 116 gold pieces.

Inventory:

Hand Weapons
 a - a +0 spear
 s - a +1 short sword of electrocution (weapon)
Missiles
 d - 5 boomerangs of dispersal
 f - 126 stones
 g - 33 poisoned darts (quivered)
 C - 33 arrows
 E - 25 sling bullets
 F - 2 boomerangs
Armour
 b - a +0 leather armour (worn)
 i - a +2 pair of boots (worn)
Magical Staves
 t - a staff of cold
Jewellery
 x - a +6 ring of intelligence (left hand)
Scrolls
 c - 2 scrolls of blinking
 e - a scroll of vulnerability {unknown}
 h - a scroll of noise {unknown}
 l - a scroll of amnesia {unknown}
 m - a scroll of teleportation {unknown}
 r - a scroll of enchant armour {unknown}
 u - 2 scrolls of enchant weapon {unknown}
 w - a scroll of immolation {unknown}
 z - a scroll of torment {unknown}
Potions
 j - 6 potions of curing
 k - a potion of attraction {unknown}
 n - a potion of lignification {unknown}
 o - a potion of resistance {unknown}
 p - a potion of might {unknown}
 q - a potion of ambrosia {unknown}
 v - a potion of degeneration {unknown}
 y - a potion of haste {unknown}
 A - 2 potions of mutation {unknown}
 B - a potion of flight {unknown}
 D - 2 potions of brilliance {unknown}
 G - 2 potions of heal wounds {unknown}


   Skills:
 + Level 5.2 Fighting
 + Level 2.4 Short Blades
 + Level 2.4 Long Blades
 + Level 2.4 Axes
 + Level 2.4 Maces & Flails
 + Level 5.2 Polearms
 + Level 2.4 Staves
 + Level 2.4 Slings
 + Level 2.4 Bows
 + Level 2.4 Crossbows
 + Level 3.6 Throwing
 + Level 3.6 Armour
 + Level 5.2 Dodging
 + Level 2.4 Stealth
 + Level 2.4 Shields
 + Level 2.4 Unarmed Combat
 + Level 5.6 Spellcasting
 + Level 2.0 Conjurations
 + Level 2.0 Hexes
 + Level 2.0 Summonings
 + Level 2.0 Necromancy
 + Level 5.8 Translocations
 + Level 2.0 Transmutations
 + Level 2.0 Fire Magic
 + Level 2.0 Ice Magic
 + Level 2.0 Air Magic
 + Level 2.0 Earth Magic
 + Level 2.0 Poison Magic
 + Level 2.7 Invocations
 + Level 2.4 Evocations


You had 15 spell levels left.
You knew the following spells:

 Your Spells              Type           Power      Damage    Failure   Level
a - Blink                 Tloc           52%        N/A       1%          2

Your spell library contained the following spells:

 Spells                   Type           Power      Damage    Failure   Level
 Gell's Gravitas          Tloc           26%        N/A       4%          3
 Lesser Beckoning         Tloc           26%        N/A       4%          3
 Teleport Other           Tloc           26%        N/A       4%          3
 Magic Dart               Conj           48%        1d5       7%          1
 Call Imp                 Summ           12%        N/A       10%         2
 Mephitic Cloud           Conj/Pois/Air  12%        N/A       21%         3
 Manifold Assault         Tloc           26%        N/A       36%         5


Dungeon Overview and Level Annotations

Branches:
Dungeon (5/15)
 Temple: D:4-7

Altars:
Kikubaaqudgha
Nemelex Xobeh
Sif Muna


Innate Abilities, Weirdness & Mutations

You have very sharp teeth.
Your uncanny sense of smell can sniff out nearby items.
Your experience applies equally to all skills.


Message History

The black bear is almost dead.
The black bear bites you.
* * * LOW HITPOINT WARNING * * *
The black bear barely misses you. x2
Unknown command.
You hit the black bear. Your bite misses the black bear.
The black bear is almost dead.
The black bear bites you but does no damage.
The black bear claws you.
* * * LOW HITPOINT WARNING * * *
The black bear closely misses you.
Unknown command.
Casting: Blink (safe; 1% risk of failure)
Confirm with . or Enter, or press ? or * to list all spells.
You blink.
Throw: 34 darts (poison)
Press: ? - help, Q - select action, (/) - cycle Shift-Dir - straight line, f - black bear
Aim: a black bear (almost dead, berserk, 67% to hit)
You throw a poisoned dart.
The poisoned dart barely misses the black bear.
You barely miss the black bear.
You bite the black bear, but do no damage.
The black bear is almost dead.
The black bear misses you. The black bear barely misses you.
The black bear closely misses you. The black bear barely misses you.
The black bear closely misses you. The black bear barely misses you.
Unknown command.
You barely miss the black bear.
The black bear is almost dead.
The black bear bites you but does no damage.
The black bear claws you.
* * * LOW HITPOINT WARNING * * *
The black bear misses you.
Unknown command.
You hit the black bear but do no damage.
The black bear is almost dead.
The black bear barely misses you. The black bear closely misses you.
The black bear claws you but does no damage.
The black bear bites you!
You die...

##.# ### ... ######.#
#####
#####..##...#..######....
#......#@..............#.
.......##h...[..####..#8#
........#....#.####.#..#.
........#.(..####..#8#...
#........#..# #.#..#..#.
..........#...###8#...#8#
##.............#.#..#..#.
#.............#...#8#..)
.........##....#.#..#..#.


You could see a black bear (berserk).

Vanquished Creatures
  Sigmund (D:3)
  An ice beast (D:5)
  A hound (D:4)
  3 orc wizards (D:4)
  7 gnolls
  4 adders
  2 ufetubi (D:4)
  An adder zombie (D:5)
  A worm (D:2)
  5 dart slugs
  9 orcs
  10 endoplasms
  6 giant cockroaches
  6 goblins
  10 hobgoblins
  3 jackals (D:4)
  4 quokkas
  10 ball pythons
  3 bats
  A frilled lizard (D:2)
  7 kobolds
  8 rats
103 creatures vanquished.

Notes
Turn   | Place    | Note
-------+----------+-------------------------------------------
     0 | D:1      | Ablot the Gnoll Warper began the quest for the Orb.
     0 | D:1      | Reached XP level 1. HP: 20/20 MP: 6/6
   214 | D:1      | Reached XP level 2. HP: 23/26 MP: 7/7
   217 | D:1      | Learned a level 2 spell: Blink
   566 | D:1      | Reached XP level 3. HP: 24/31 MP: 9/9
   863 | D:1      | Reached skill level 5 in Spellcasting
  1072 | D:2      | Reached skill level 1 in Invocations
  1406 | D:2      | Reached skill level 1 in Short Blades
  1406 | D:2      | Reached skill level 1 in Long Blades
  1406 | D:2      | Reached skill level 1 in Axes
  1406 | D:2      | Reached skill level 1 in Maces & Flails
  1406 | D:2      | Reached skill level 1 in Staves
  1406 | D:2      | Reached skill level 1 in Slings
  1406 | D:2      | Reached skill level 1 in Bows
  1406 | D:2      | Reached skill level 1 in Crossbows
  1406 | D:2      | Reached skill level 1 in Stealth
  1406 | D:2      | Reached skill level 1 in Shields
  1406 | D:2      | Reached skill level 1 in Unarmed Combat
  1406 | D:2      | Reached skill level 1 in Evocations
  1719 | D:2      | Found a faded altar of an unknown god.
  1789 | D:3      | Reached XP level 4. HP: 37/38 MP: 11/11
  1938 | D:3      | Noticed Sigmund
  1959 | D:3      | Killed Sigmund
  1960 | D:3      | Reached skill level 1 in Conjurations
  1960 | D:3      | Reached skill level 1 in Hexes
  1960 | D:3      | Reached skill level 1 in Summonings
  1960 | D:3      | Reached skill level 1 in Necromancy
  1960 | D:3      | Reached skill level 1 in Transmutations
  1960 | D:3      | Reached skill level 1 in Fire Magic
  1960 | D:3      | Reached skill level 1 in Ice Magic
  1960 | D:3      | Reached skill level 1 in Air Magic
  1960 | D:3      | Reached skill level 1 in Earth Magic
  1960 | D:3      | Reached skill level 1 in Poison Magic
  1960 | D:3      | Reached XP level 5. HP: 17/43 MP: 12/12
  1960 | D:3      | Reached XP level 6. HP: 19/50 MP: 13/13
  2967 | D:4      | Reached skill level 5 in Fighting
  2967 | D:4      | Reached skill level 5 in Polearms
  2967 | D:4      | Reached skill level 5 in Dodging
  3352 | D:4      | Found a shimmering blue altar of Sif Muna.
  3535 | D:4      | HP: 2/51 [something/magic dart (6)]
  4279 | D:3      | Reached XP level 7. HP: 37/56 MP: 15/15
  4469 | D:4      | Found a sparkling altar of Nemelex Xobeh.
  4469 | D:4      | Found an ancient bone altar of Kikubaaqudgha.
  4669 | D:5      | Entered Level 5 of the Dungeon
  5180 | D:5      | Slain by a black bear

Illustrated notes

Levels and vault maps discovered:
D:1:      wander_arrival_fairy_ring, layout_loops_ring,
          chequers_serial_rivers_room_a
D:2:      layout_rooms, shapermc_ecumenical_altar_mp_vishouse
D:3:      layout_loops_ring, uniq_sigmund
D:4:      layout_loops_ring, kennysheep_orc_sif_temple,
          gammafunk_temple_overflow_elements
D:5:      layout_cave_pools, kennysheep_doodads, kennysheep_generic_room_10

Skill      XL: |  1  2  3  4  5  6  7 |
---------------+----------------------+-----
Spellcasting   | 5 |  5.6
Invocations    | 1 2 |  2.7
Short Blades   | 1 2 |  2.4
Long Blades    | 1 2 |  2.4
Axes           | 1 2 |  2.4
Maces & Flails | 1 2 |  2.4
Staves         | 1 2 |  2.4
Slings         | 1 2 |  2.4
Bows           | 1 2 |  2.4
Crossbows      | 1 2 |  2.4
Stealth        | 1 2 |  2.4
Shields        | 1 2 |  2.4
Unarmed Combat | 1 2 |  2.4
Evocations     | 1 2 |  2.4
Throwing       | 3 |  3.6
Armour         | 3 |  3.6
Conjurations   | 1 2 |  2.0
Hexes          | 1 2 |  2.0
Summonings     | 1 2 |  2.0
Necromancy     | 1 2 |  2.0
Transmutations | 1 2 |  2.0
Fire Magic     | 1 2 |  2.0
Ice Magic      | 1 2 |  2.0
Air Magic      | 1 2 |  2.0
Earth Magic    | 1 2 |  2.0
Poison Magic   | 1 2 |  2.0
Fighting       | 5 |  5.2
Polearms       | 5 |  5.2
Dodging        | 5 |  5.2
Translocations | |  5.8

Action                   |  1- 3 |  4- 6 |  7- 9 || total
-------------------------+-------+-------+-------++-------
Melee: Spear             |   140 |    28 |       ||   168
       Bite              |    14 |    18 |     3 ||    35
       Punch             |     3 |     2 |     2 ||     7
       Short sword       |       |   181 |    65 ||   246
Throw: Dart              |       |     7 |     1 ||     8
 Cast: Blink             |       |       |     1 ||     1
 Stab: Sleeping          |     4 |     1 |       ||     5
       Distracted        |       |     1 |       ||     1
Armor: Leather armour    |    19 |    49 |    25 ||    93
Dodge: Dodged            |    53 |   142 |    70 ||   265
